 Dungeon Crawl Stone Soup version 0.30-a0-1112-gfb780f5df6 (webtiles) character file.

Game seed: 16902525120588168384

14662 snarfax the Severer (level 12, -18/118 HPs)
             Began as a Hill Orc Fighter on Apr 19, 2023.
             Demolished by Rupert
             ... wielding a +3 vampiric great sword
              (20 damage)
             ... on level 2 of the Lair of Beasts.
             The game lasted 00:24:33 (12727 turns).

snarfax the Severer (Hill Orc Fighter)             Turns: 12727, Time: 00:24:34

Health: -18/118    AC: 20    Str: 24    XL:     12   Next: 18%
Magic:  12/12      EV:  7    Int:  8    God:
Gold:   323        SH: 10    Dex: 10    Spells: 11/11 levels left

rFire   . . .      SeeInvis .    a - +0 war axe
rCold   . . .      Faith    .    c - +0 buckler
rNeg    . . .      Spirit   .    l - +2 plate armour {rPois}
rPois   +          Reflect  +    s - +0 helmet
rElec   .          Rampage  .    (no cloak)
rCorr   .                        n - +0 pair of gloves
Will    .....                    D - +0 pair of boots Stlth
                                 H - amulet of reflection
HPRegen 0.39/turn                (no ring)
MPRegen 0.13/turn                (no ring)

@: mighty
A: no striking features
a: no special abilities


You were on level 2 of the Lair of Beasts.
You visited 2 branches of the dungeon, and saw 12 of its levels.

You collected 648 gold pieces.
You spent 325 gold pieces at shops.

Inventory:

Hand Weapons
 a - a +0 war axe (weapon)
 F - a +2 antimagic trident
Missiles
 g - 3 throwing nets (quivered)
 t - 32 poisoned darts
 x - 2 atropa-tipped darts
 B - a curare-tipped dart
Armour
 b - a +0 scale mail
 c - a +0 buckler (worn)
 l - a +2 plate armour of poison resistance (worn)
 n - a +0 pair of gloves (worn)
 s - a +0 helmet (worn)
 D - a +0 pair of boots (worn)
Jewellery
 m - an amulet of faith
 H - an amulet of reflection (around neck)
Wands
 j - a wand of paralysis (6)
 A - a wand of flame (7)
 I - a wand of roots (1)
 J - a wand of mindburst (7)
 K - a wand of digging (5)
Scrolls
 e - a scroll of fog
 o - a scroll of silence
 p - 4 scrolls of teleportation
 q - a scroll of brand weapon
 r - a scroll of butterflies
 u - 3 scrolls of amnesia
 v - 3 scrolls of magic mapping
 w - a scroll of identify
 y - a scroll of fear
 z - a scroll of blinking
Potions
 d - a potion of might
 f - a potion of haste
 h - 2 potions of brilliance
 i - 2 potions of lignification
 k - 6 potions of curing
 C - a potion of ambrosia
 E - a potion of attraction
 G - a potion of resistance


   Skills:
 * Level 14.7 Fighting
 - Level 16.0 Axes
 + Level 9.8 Armour
 - Level 5.0 Shields


You had 11 spell levels left.
You didn't know any spells.
Your spell library contained the following spells:

 Spells                   Type           Power      Damage    Failure   Level
 Necrotise                Necr           0%         1d4       99%         1
 Ensorcelled Hibernation  Hex/Ice        0%         N/A       100%        2
 Lesser Beckoning         Tloc           0%         N/A       100%        2
 Scorch                   Fire           0%         2d5       100%        2
 Call Canine Familiar     Summ           0%         N/A       100%        3
 Gell's Gravitas          Tloc           0%         N/A       100%        3
 Portal Projectile        Hex/Tloc       0%         N/A       100%        3
 Spider Form              Tmut/Pois      0%         N/A       100%        3
 Teleport Other           Tloc           0%         N/A       100%        3
 Vampiric Draining        Necr           0%         2d6       100%        3
 Anguish                  Hex/Necr       0%         N/A       100%        4
 Flame Wave               Conj/Fire      0%         2d4       100%        4
 Leda's Liquefaction      Hex/Erth       0%         N/A       100%        4
 Agony                    Necr           0%         N/A       100%        5
 Summon Cactus Giant      Summ           0%         N/A       100%        6


Dungeon Overview and Level Annotations

Branches:
Dungeon (9/15)             Temple (0/1) D:6            Lair (3/5) D:9
    Orc (0/2) D:9
  Swamp: Lair:2-3    Shoals: Lair:2-3     Snake: Lair:2-3    Spider: Lair:2-3

Altars:
Okawaru
Beogh

Shops:
D:1 ?

Annotations:
D:8 1 runed translucent door, Newt's ghost, novice KoHu
Lair:2 Rupert


Message History

The roots erupt in riotous growth!
Roots grab Rupert.
The grasping roots constrict Rupert.
Rupert struggles to escape constriction.
The grasping roots constrict Rupert!
The roots release their grip on Rupert.
Rupert hits you with a +3 vampiric great sword!!
Rupert draws strength from your wounds!
There is a stone staircase leading up, spattered with blood here.
You barely miss Rupert.
Rupert is heavily wounded.
Rupert hits you with a +3 vampiric great sword!
* * * LOW HITPOINT WARNING * * *
Rupert draws strength from your wounds!
You hit Rupert but do no damage.
Rupert is heavily wounded.
You block Rupert's attack.
You slash Rupert!
Rupert is heavily wounded.
Rupert completely misses you.
You slice Rupert!!
Rupert is severely wounded.
Rupert barely misses you.
You barely miss Rupert.
Rupert is severely wounded.
You block Rupert's attack.
You slash Rupert!
Rupert is severely wounded.
Rupert closely misses you.
Rupert hits you with a +3 vampiric great sword!!
* * * LOW HITPOINT WARNING * * *
Rupert draws strength from your wounds!
You closely miss Rupert.
Rupert is severely wounded.
Rupert hits you with a +3 vampiric great sword!
* * * LOW HITPOINT WARNING * * *
Rupert draws strength from your wounds!
You barely miss Rupert.
Rupert is severely wounded.
Rupert hits you with a +3 vampiric great sword!!
You die...

......P.....##......P#...........
.......P....##......##[....#.....
.......###.###.......+.....##....
.......##...##.......####.###....
.....†§.............####P.##.....
.##....................P.........
.................................
....#............................
##..#.P###P....@@.##....###......
.#..#.###...#......#.######......
.....#......##....##.......#.....
......#......#....#.......#.....#
⌠.##..............+.......##....#
......#...................##....#
......+.....#.....##............#
...#..#...P..#....##.............
⌠.#.........##....#.....<.#.....#


You could see Rupert (berserk).

Vanquished Creatures
  Harold (D:9)
  A two-headed ogre (D:8)
  4 elephants (Lair:2)
  2 black mambas
  2 cane toads
  Maggie (Lair:1)
  2 rime drakes
  A kobold demonologist (D:8)
  3 komodo dragons
  A troll (D:8)
  A hornet (D:8)
  5 blink frogs (Lair:2)
  12 yaks
  2 steam dragons
  A basilisk (Lair:1)
  7 water moccasins
  An ice beast (D:6)
  6 orc warriors
  3 black bears
  4 wolves (Lair:1)
  3 centaurs
  2 ogres
  A phantom (D:5)
  5 kobold brigands
  10 bullfrogs
  2 scorpions
  7 wights
  13 killer bees
  5 howler monkeys
  4 hounds
  A jelly (D:5)
  7 orc priests
  A gnoll bouda (D:8)
  6 iguanas
  Ijyb (D:3)
  2 sleepcaps
  6 orc wizards
  A gnoll (D:1)
  11 adders
  A shadow imp (D:5)
  A white imp (D:6)
  A worm (D:3)
  4 dart slugs
  21 orcs
  4 ball pythons
  3 bats
  4 endoplasms (D:3)
  2 giant cockroaches
  7 goblins
  4 hobgoblins
  8 jackals
  16 kobolds
  3 quokkas
  8 frilled lizards
  A rat (D:1)
236 creatures vanquished.

Vanquished Creatures (others)
  An orc wizard (D:5)
  6 plants
7 creatures vanquished.

Grand Total: 243 creatures vanquished

Notes
Turn   | Place    | Note
-------+----------+-------------------------------------------
     0 | D:1      | snarfax the Hill Orc Fighter began the quest for the Orb.
     0 | D:1      | Reached XP level 1. HP: 19/19 MP: 1/1
    82 | D:1      | Found Gadweit's Magic Scroll Boutique.
   165 | D:1      | Reached skill level 3 in Axes
   224 | D:1      | Reached XP level 2. HP: 24/26 MP: 2/2
   438 | D:1      | Reached XP level 3. HP: 23/31 MP: 3/3
   654 | D:2      | Reached skill level 4 in Axes
   802 | D:2      | Reached XP level 4. HP: 37/39 MP: 4/4
  1611 | D:3      | Reached skill level 5 in Axes
  1677 | D:3      | Reached XP level 5. HP: 45/45 MP: 5/5
  1849 | D:3      | Reached skill level 5 in Shields
  1953 | D:3      | Noticed Ijyb
  1957 | D:3      | Killed Ijyb
  2390 | D:1      | Bought a scroll of brand weapon for 95 gold pieces
  2390 | D:1      | Bought a scroll of butterflies for 40 gold pieces
  2675 | D:4      | Reached skill level 6 in Axes
  2838 | D:4      | Identified the +3 short sword of Accidental Termination
                  | {venom, Contam rPois Int+2}
  3043 | D:4      | Reached XP level 6. HP: 41/51 MP: 6/6
  3225 | D:5      | Entered Level 5 of the Dungeon
  3231 | D:5      | Reached skill level 7 in Axes
  3445 | D:5      | Reached skill level 8 in Axes
  3675 | D:5      | Reached XP level 7. HP: 46/57 MP: 7/7
  3688 | D:5      | Reached skill level 9 in Axes
  4089 | D:5      | Reached skill level 10 in Axes
  4163 | D:6      | Reached XP level 8. HP: 64/64 MP: 8/8
  4173 | D:6      | Reached skill level 11 in Axes
  4481 | D:6      | Reached skill level 12 in Axes
  4846 | D:6      | Found a staircase to the Ecumenical Temple.
  5046 | D:7      | Reached skill level 13 in Axes
  5164 | D:7      | Found an iron altar of Okawaru.
  5266 | D:7      | Reached XP level 9. HP: 50/70 MP: 9/9
  5446 | D:7      | Reached skill level 14 in Axes
  5659 | D:7      | Reached skill level 15 in Axes
  6190 | D:1      | Bought a scroll of fear for 40 gold pieces
  6190 | D:1      | Bought a scroll of blinking for 75 gold pieces
  6190 | D:1      | Bought a scroll of magic mapping for 75 gold pieces
  6430 | D:8      | Noticed Newt's ghost (novice KoHu)
  6700 | D:8      | Reached skill level 16 in Axes
  6899 | D:8      | Reached skill level 5 in Fighting
  6963 | D:8      | Reached XP level 10. HP: 48/84 MP: 10/10
  7270 | D:8      | Found a runed translucent door.
  7768 | D:9      | Noticed a kobold demonologist
  7783 | D:9      | Noticed a two-headed ogre
  7793 | D:8      | Noticed a sixfirhy
  7801 | D:8      | Killed a kobold demonologist
  8200 | D:8      | Killed a two-headed ogre
  8201 | D:8      | Reached skill level 10 in Fighting
  8201 | D:8      | Reached skill level 5 in Armour
  8592 | D:9      | Reached XP level 11. HP: 91/101 MP: 11/11
  8664 | D:9      | Found a staircase to the Lair.
  8744 | D:9      | Found a staircase to the Orcish Mines.
  8817 | D:9      | Found a roughly hewn altar of Beogh.
  9102 | Lair:1   | Entered Level 1 of the Lair of Beasts
  9102 | Lair:1   | Noticed Harold
  9122 | D:9      | Killed Harold
  9954 | Lair:1   | Noticed Maggie
  9967 | Lair:1   | Killed Maggie
 11932 | Lair:2   | Reached XP level 12. HP: 95/117 MP: 12/12
 12684 | Lair:3   | Noticed Rupert
 12697 | Lair:3   | Paralysed by Rupert for 3 turns
 12726 | Lair:2   | HP: 2/118 [Rupert/+3 vampiric great sword (8)]
 12727 | Lair:2   | Demolished by Rupert

Illustrated notes

Levels and vault maps discovered:
D:1:      wander_arrival_lonely_grave, layout_rooms, serial_shops, shop_scrolls,
          serial_glass, glass_columns_c, glass_columns_b, chequers_mini_garden
D:2:      minmay_kobold_bridge, layout_basic, chequers_decorated_corner
D:3:      layout_basic, uniq_ijyb
D:4:      layout_basic, nrook_campfire, minmay_crossroads
D:5:      layout_loops_ring, hex_medium, kennysheep_generic_room_13
D:6:      layout_rooms, minmay_temple_entry_antechambers,
          nicolae_lava_and_water, st_stairs_4
D:7:      layout_loops_ring, overflow_temple_1_default
D:8:      layout_basic, hellmonk_ghost_big_iron, corexii_leaking_fountain
D:9:      layout_big_octagon, minmay_orc_entry_temple_small,
          minmay_alternating_orb
Lair:1:   layout_cave_pods, uniq_maggie, uniq_harold
Lair:2:   layout_regular_city, grunt_megastairs_2
Lair:3:   layout_cave_pods, elwin_shoals_entry_stream, spider_nest_entry_webs,
          uniq_rupert

Skill      XL: |  1  2  3  4  5  6  7  8  9 10 11 |
---------------+----------------------------------+-----
Axes           | 3 4 5 6 8 10 13 16 | 16.0
Shields        | 4 5 |  5.0
Fighting       | 6 10 14 | 14.7
Armour         | 6 9 |  9.8

Action                     |  1- 3 |  4- 6 |  7- 9 | 10-12 || total
---------------------------+-------+-------+-------+-------++-------
  Melee: War axe           |    73 |   178 |   331 |   441 ||  1023
  Throw: Dart              |       |       |     3 |     9 ||    12
         Throwing net      |       |       |       |     2 ||     2
  Evoke: Wand              |       |       |       |     5 ||     5
    Use: Scroll            |     2 |     7 |     6 |     6 ||    21
         Potion            |       |       |     3 |    11 ||    14
 Armour: Scale mail        |    29 |       |       |       ||    29
         Plate armour      |     1 |   106 |   166 |   222 ||   495
  Dodge: Dodged            |    32 |    47 |    76 |   101 ||   256
  Block: Buckler           |    19 |    43 |    69 |   144 ||   275

Table legend: (Time is in decaauts)
 A = Elapsed time spent in this place.
 B = Non-inter-level travel time spent in this place.
 C = Inter-level travel time spent in this place.
 D = Time resting spent in this place.
 E = Time spent auto-exploring this place.
 F = Levels seen in this place.
 G = Mean time per level.
                   A        B        C        D        E       F      G
               +--------+--------+--------+--------+--------+-----+--------+
         Total |  12690 |  11128 |   1562 |   2026 |   7127 |  12 | 1057.5 |
       Dungeon |   9772 |   8336 |   1436 |   1820 |   4973 |   9 | 1085.8 |
          Lair |   2918 |   2792 |    126 |    206 |   2154 |   3 |  972.7 |
               +--------+--------+--------+--------+--------+-----+--------+

Top non-repeatable levels by time:
     D:8: 2024 daAuts
  Lair:1: 1503 daAuts
  Lair:2: 1357 daAuts
     D:5: 1354 daAuts
     D:2: 1004 daAuts
     D:7: 994 daAuts
     D:4: 959 daAuts
     D:9: 952 daAuts
     D:1: 908 daAuts
     D:3: 901 daAuts
     D:6: 671 daAuts
  Lair:3: 57 daAuts
